 Dungeon Crawl Stone Soup version bcrawl-1.28.1b (webtiles) character file.

Game seed: 10885284113231073073

383130 LostNumber the Fighter (level 12, -1/110 HPs)
             Began as a Hill Orc Archaeologist on Dec 5, 2020.
             Was a Believer of Nemelex Xobeh.
             Killed from afar by a red draconian (16 damage)
             ... with a blast of flame
             ... in a volcano.
             The game lasted 00:24:07 (11623 turns).

LostNumber the Fighter (Hill Orc Archaeologist)    Turns: 11623, Time: 00:24:08

Health: -1/110     AC: 19    Str: 24    XL:     12   Next: 17%
Magic:  17/17      EV:  5    Int: 14    God:    Nemelex Xobeh [**....]
Gold:   493        SH: 13    Dex:  9    Spells: 11/11 levels left

rFire    + . .     SeeInvis .   K - +5 rapier of Disorder {venom, rN+}
rCold    + . .     Gourm    .   f - +1 medium shield {rF+}
rNeg     + . .     Faith    .   z - +0 plate armour
rPois    .         Spirit   .   Q - +1 hat
rElec    .         Reflect  .   (no cloak)
rCorr    .         Harm     .   h - +0 pair of gloves
MR       +....                  B - +1 pair of boots
Stlth    ..........             w - amulet of rage
HPRegen  0.28/turn              l - ring of protection from magic
MPRegen  0.15/turn              o - ring of protection from cold

@: mighty
A: no striking features
a: Draw Escape, Draw Destruction, Draw Summoning, Triple Draw, Renounce
Religion, Evoke Berserk Rage


You were in a volcano.
You worshipped Nemelex Xobeh.
Nemelex Xobeh was pleased with you.
You were hungry.

You visited 3 branches of the dungeon, and saw 10 of its levels.
You also visited: Sewer, Ice Cave and Volcano.

You collected 671 gold pieces.
You spent 178 gold pieces at shops.

Inventory:

Hand Weapons
 a - a +0 whip
 p - a +0 trident
   (You took it off a big kobold on level 4 of the Dungeon)
 y - a +0 war axe of freezing
   (You found it on level 5 of the Dungeon)
 C - the +4 rapier of Indomitability {freeze, *Noise rN+ MP+9}
   (You found it on level 5 of the Dungeon)

   It has been specially enchanted to freeze those struck by it, increasing
   damage dealt by approximately one third against foes not resistant or
   susceptible to cold, and potentially slowing cold-blooded foes.
   It protects you from negative energy.
   It affects your magic capacity (+9).
   It may make noises in combat.
 F - a +1 dagger of venom
   (You took it off Ijyb on level 3 of the Dungeon)
 K - the +5 rapier of Disorder (weapon) {venom, rN+}
   (You found it on level 6 of the Dungeon)

   It poisons the flesh of those it strikes.
   It protects you from negative energy.
Armour
 b - a +1 robe
 f - a +1 medium shield of fire resistance (worn)
   (You acquired it on level 3 of the Dungeon)
 h - a +0 pair of gloves (worn)
   (You found it in a sewer)
 i - a +0 scale mail
   (You found it on level 1 of the Dungeon)
 z - a +0 plate armour (worn)
   (You took it off an orc warrior on level 5 of the Dungeon)
 B - a +1 pair of boots (worn)
 Q - a +1 hat (worn)
Jewellery
 l - a ring of protection from magic (left hand)
   (You found it on level 4 of the Dungeon)
 o - a ring of protection from cold (right hand)
   (You took it off an orc wizard on level 6 of the Dungeon)
 v - the ring of Xev Deon {Ice rN+}
   (You bought it in a shop on level 4 of the Dungeon)

   [ring of ice]

   It enhances your ice magic.
   It makes you vulnerable to fire.
   It protects you from cold.
   It protects you from negative energy.
 w - an amulet of rage (around neck)
   (You found it on level 5 of the Dungeon)
 E - an uncursed ring of protection from cold
   (You found it on level 7 of the Dungeon)
 L - an uncursed ring of ice
   (You found it on level 6 of the Dungeon)
 O - the cursed ring of Xifuacl Ryth {Ice Stlth+}
   (You took it off an orc on level 7 of the Dungeon)

   [ring of ice]

   It enhances your ice magic.
   It makes you vulnerable to fire.
   It protects you from cold.
   It makes you more stealthy.
   It has a curse placed upon it.
 U - an uncursed ring of stealth
   (You found it on level 8 of the Dungeon)
Wands
 c - a wand of disintegration (16)
   (You found it on level 8 of the Dungeon)
 d - a wand of iceblast (10)
   (You found it on level 5 of the Dungeon)
 t - a wand of flame (9)
   (You found it on level 8 of the Dungeon)
 x - a wand of acid (6)
   (You found it on level 5 of the Dungeon)
 D - a wand of polymorph (20)
   (You took it off Ijyb on level 3 of the Dungeon)
 M - a wand of scattershot (3)
   (You found it on level 8 of the Dungeon)
 P - a wand of random effects (5)
   (You found it on level 8 of the Dungeon)
Scrolls
 g - 5 scrolls of remove curse {@r2}
 j - 3 scrolls of fog {unknown}
 k - 3 scrolls of immolation {unknown}
 m - 4 scrolls of amnesia {unknown}
 n - a scroll of noise {unknown}
 q - 7 scrolls of teleportation {@r4}
 r - 2 scrolls of identify {@r1}
 s - a scroll of fear {unknown}
 A - 4 scrolls of enchant weapon {unknown}
 J - 3 scrolls of blinking {unknown}
Potions
 u - 2 potions of curing {@q1}
 G - a potion of flight
 H - a potion of ambrosia
 I - a potion of mutation {unknown}
 N - a potion of berserk rage {unknown}
 R - a potion of magic {unknown}
 T - 2 potions of heal wounds {@q2}
Comestibles
 e - 11 rations {!d!d}


   Skills:
 * Level 11.2 Fighting
   Level 11.2 Short Blades
   Level 11.2 Long Blades
   Level 11.2 Axes
   Level 11.2 Maces & Flails
   Level 11.2 Polearms
   Level 11.2 Staves
 + Level 10.1 Armour
 - Level 2.4 Dodging
 - Level 2.6 Stealth
 + Level 10.1 Shields
   Level 11.2 Unarmed Combat
 + Level 7.1 Invocations


You had 11 spell levels left.
You didn't know any spells.
Your spell library contained the following spells:

 Spells                   Type           Power        Failure   Level  Hunger
 Apportation              Tloc           #.....       100%        1    None
 Infusion                 Chrm           #.......     100%        1    None
 Sandblast                Erth           #.....       100%        1    None
 Slow                     Hex            #.......     100%        1    None
 Summon Butterflies       Summ           #.......     100%        1    None


Dungeon Overview and Level Annotations

Branches:
Dungeon (8/12)             Temple (1/1) D:6            Lair (1/6) D:7
    Orc: D:8-11

Altars:
Ashenzari
Cheibriados
Dithmenos
Elyvilon
Fedhas
Gozag
Hepliaklqana
Kikubaaqudgha
Lugonu
Makhleb
Nemelex Xobeh
Okawaru
Qazlal
Ru
Sif Muna
Trog
Uskayaw
Vehumet
Wu Jian
Xom
Yredelemnul
Zin
The Shining One

Shops:
D:4 %*:*   D:6 :   D:7 [

Annotations:
D:4 3 runed translucent doors, Quickbrownfox's ghost, amateur DsAc


Message History

You kill the two-headed ogre!
Your Armour skill increases to level 10!
Your Shields skill increases to level 10!
You closely miss the two-headed ogre. You block the two-headed ogre's attack.
The two-headed ogre hits you but does no damage.
You completely miss the two-headed ogre.
You puncture the two-headed ogre! You puncture the two-headed ogre!
The two-headed ogre is poisoned.
The two-headed ogre barely misses you. You block the two-headed ogre's attack.
You puncture the two-headed ogre!
The two-headed ogre looks more poisoned.
The two-headed ogre hits you with a +0 great mace of flaming!
The two-headed ogre burns you.
The two-headed ogre completely misses you.
You puncture the two-headed ogre!
You kill the two-headed ogre!
You resist. The blast of flame hits you!
* * * LOW HITPOINT WARNING * * *
Your Invocations skill increases to level 7!
The red draconian hits you with a +2 scimitar of flaming.
* * * LOW HITPOINT WARNING * * *
Found a burning altar of Makhleb.
Found a rocky tunnel leading out of this place.
Items here: )))))) ††† You closely miss the red draconian.
You hit the red draconian.
The red draconian is poisoned.
You block the red draconian's attack.
You closely miss the red draconian.
Your plate armour prevents you from hitting the red draconian.
The red draconian closely misses you.
You puncture the red draconian! You resist. The blast of flame hits you!!
* * * LOW HITPOINT WARNING * * *
Your shield and plate armour prevent you from hitting the red draconian.
You hit the red draconian but do no damage.
The red draconian looks more poisoned.
The red draconian hits you with a +2 scimitar of flaming!
* * * LOW HITPOINT WARNING * * *
The red draconian burns you.
* * * LOW HITPOINT WARNING * * *
You impale the red draconian!!
The red draconian hits you but does no damage.
You closely miss the red draconian.
Unknown command.
You hit the red draconian but do no damage.
The red draconian looks more poisoned.
You block the red draconian's attack.
You completely miss the red draconian. You block the red draconian's attack.
You impale the red draconian!!
The red draconian looks more poisoned.
You closely miss the red draconian. You resist. The blast of flame hits you!
You die...
Your body glows slightly and disappears.

#.§.§§§≈≈§§≈≈§§..##
#....§.≈≈§§≈...###
##.§§.§.≈§§≈...#
#...##..≈≈...#
#8.8###.....##
##.## ##...## #.#
...# #'# #### #@#
∩......d# ####....#
......# ._......+
#.......# ####....#
.....#


You could see a red draconian.

Vanquished Creatures
  A hydra (D:6)
  5 two-headed ogres
  A tengu warrior (D:8)
  3 ugly things
  2 trolls
  A slime creature (D:5)
  Sigmund (D:3)
  A hippogriff (D:6)
  A wraith (D:8)
  8 fire bats (Volcano)
  A hungry ghost (D:6)
  A crocodile (D:8)
  3 wargs (D:7)
  Duvessa (D:5)
  A sky beast (D:7)
  8 ice beasts
  A phantom (D:6)
  2 black bears (D:6)
  5 orc warriors
  3 necrophages (D:8)
  3 ogres
  5 big kobolds
  7 bullfrogs
  A gnoll sergeant (D:7)
  Dowan (D:5)
  2 scorpions
  A water moccasin skeleton (D:6)
  8 killer bees
  7 wights
  A howler monkey (D:7)
  3 crimson imps
  5 jellies
  7 lava snakes (Volcano)
  A quasit (D:5)
  2 orc priests
  12 orc wizards
  2 hounds
  3 human zombies (D:8)
  2 centaur skeletons
  3 iguanas
  Ijyb (D:3)
  Natasha (thrice) (D:3)
  4 worker ants
  A human skeleton (D:8)
  A killer bee zombie (D:5)
  A hound skeleton (D:5)
  4 mummies (D:8)
  Robin (D:1)
  A howler monkey zombie (D:8)
  3 gnolls (D:7)
  12 adders
  3 shadow imps
  2 oozes
  An adder skeleton (D:5)
  3 dart slugs
  7 leopard geckos
  32 orcs
  6 ball pythons
  3 bats (D:1)
  9 giant cockroaches
  15 goblins
  6 hobgoblins
  10 jackals
  3 quokkas
  11 frilled lizards
  A jackal zombie (D:5)
  23 kobolds
  5 rats
298 creatures vanquished.

Notes
Turn   | Place    | Note
-------+----------+-------------------------------------------
     0 | D:1      | LostNumber the Hill Orc Archaeologist began the quest for
                  | the Orb.
     0 | D:1      | Reached XP level 1. HP: 16/16 MP: 1/1
   329 | D:1      | Reached skill level 2 in Fighting
   349 | D:1      | Reached XP level 2. HP: 11/24 MP: 2/2
   550 | D:1      | Reached skill level 1 in Armour
  1012 | D:2      | Noticed Robin
  1022 | D:2      | Reached XP level 3. HP: 29/30 MP: 3/3
  1171 | D:1      | Killed Robin
  1379 | D:2      | Reached skill level 3 in Fighting
  1379 | D:2      | Reached XP level 4. HP: 24/38 MP: 4/4
  1931 | D:3      | Found an opulent altar of Gozag.
  2095 | D:3      | Noticed Sigmund
  2265 | D:3      | Noticed Natasha
  2310 | D:3      | Killed Natasha
  2311 | D:3      | Reached XP level 5. HP: 8/45 MP: 5/5
  2311 | D:3      | Identified a scroll of acquirement
  2312 | D:3      | Identified the ring "Kikeutt" {*Contam Str+2 Int+5 Slay-5
                  | Stlth++} (You acquired it on level 3 of the Dungeon)
  2585 | D:3      | Noticed Natasha
  2616 | D:3      | Killed Natasha
  2689 | D:4      | Found Odammun's Book Emporium.
  2718 | D:4      | Found a glowing drain.
  2738 | D:4      | Reached skill level 1 in Shields
  2775 | Sewer    | Entered a sewer
  3063 | Sewer    | Noticed a bullfrog
  3083 | Sewer    | Killed a bullfrog
  3084 | Sewer    | Reached skill level 4 in Fighting
  3084 | Sewer    | Reached XP level 6. HP: 5/52 MP: 6/6
  3342 | D:4      | Found Tyczauk's General Store.
  3369 | D:4      | Bought a scroll of teleportation for 39 gold pieces
  3369 | D:4      | Bought a scroll of teleportation for 39 gold pieces
  3389 | D:4      | Found Vejozif's Food Boutique.
  3409 | D:4      | Reached XP level 7. HP: 35/60 MP: 7/7
  3816 | D:4      | Found Noppat's Assorted Antiques.
  3824 | D:4      | Bought a transparent jade ring for 100 gold pieces
  3824 | D:4      | Identified the ring of Xev Deon {Ice rN+} (You bought it in
                  | a shop on level 4 of the Dungeon)
  3858 | D:4      | Found a runed translucent gate.
  3858 | D:4      | Found a runed translucent gate.
  3858 | D:4      | Found a runed translucent gate.
  3859 | D:4      | Noticed Quickbrownfox's ghost (amateur DsAc)
  4032 | D:5      | Entered Level 5 of the Dungeon
  4042 | D:5      | Noticed a troll
  4524 | D:5      | Reached skill level 5 in Fighting
  4693 | D:5      | Reached XP level 8. HP: 67/69 MP: 8/8
  5092 | D:5      | Noticed Duvessa
  5105 | D:5      | Noticed Dowan
  5166 | D:5      | Killed Duvessa
  5220 | D:5      | Reached skill level 5 in Armour
  5220 | D:5      | Reached skill level 5 in Shields
  5446 | D:5      | Killed Dowan
  5447 | D:5      | Reached skill level 6 in Fighting
  5522 | D:5      | Got an iridescent rapier
  5541 | D:5      | Identified the +4 rapier of Indomitability {freeze, *Noise
                  | rN+ MP+9} (You found it on level 5 of the Dungeon)
  5802 | D:4      | Killed a troll
  5952 | D:3      | Killed Sigmund
  6032 | D:3      | Noticed Ijyb
  6040 | D:3      | Killed Ijyb
  6041 | D:3      | Reached XP level 9. HP: 78/78 MP: 9/9
  6137 | D:3      | Noticed Natasha
  6142 | D:3      | Killed Natasha
  6156 | D:3      | Found a radiant altar of Vehumet.
  6282 | D:6      | Found a shattered altar of Ashenzari.
  6309 | D:5      | Reached skill level 7 in Fighting
  6441 | D:6      | Noticed a seven-headed hydra
  6485 | D:6      | Noticed a two-headed ogre
  6857 | D:6      | Killed a two-headed ogre
  6858 | D:6      | Reached skill level 8 in Fighting
  6972 | D:6      | Reached XP level 10. HP: 72/90 MP: 10/10
  7237 | D:6      | Found a staircase to the Ecumenical Temple.
  7336 | Temple   | Entered the Ecumenical Temple
  7466 | Temple   | Became a worshipper of Nemelex Xobeh the Trickster
  7574 | D:6      | Killed a seven-headed hydra
  7575 | D:6      | Reached skill level 9 in Fighting
  7594 | D:6      | Got a bloodstained rapier
  7616 | D:6      | Received a gift from Nemelex Xobeh
  7778 | D:6      | Found Gaybe's Book Shop.
  8011 | D:7      | Noticed a two-headed ogre
  8079 | D:7      | Reached skill level 1 in Invocations
  8521 | D:7      | Noticed a green ugly thing
  8550 | D:6      | Killed a green ugly thing
  8588 | D:7      | Found Vyppaiba's Antique Armour Shoppe.
  8800 | D:6      | Killed a two-headed ogre
  8801 | D:6      | Reached XP level 11. HP: 66/99 MP: 13/13
  8934 | D:7      | Reached skill level 10 in Fighting
  9072 | D:7      | Found a staircase to the Lair.
  9082 | D:7      | Identified the cursed ring of Xifuacl Ryth {Ice Stlth+}
  9565 | D:8      | Received a gift from Nemelex Xobeh
  9591 | D:8      | Reached * piety under Nemelex Xobeh
 10001 | D:8      | Noticed a tengu warrior
 10021 | D:8      | Killed a tengu warrior
 10022 | D:8      | Reached skill level 5 in Invocations
 10149 | D:8      | Found a bloodstained altar of Trog.
 10429 | D:8      | Found an ancient bone altar of Kikubaaqudgha.
 10740 | Lair:1   | Entered Level 1 of the Lair of Beasts
 10744 | Lair:1   | Identified the +5 rapier of Disorder {venom, rN+} (You
                  | found it on level 6 of the Dungeon)
 10754 | Lair:1   | Found a frozen archway.
 10763 | IceCv    | Entered an ice cave
 10763 | IceCv    | Noticed a white ugly thing
 10781 | IceCv    | Killed a white ugly thing
 10830 | IceCv    | Found a transporter.
 10844 | IceCv    | Noticed a white ugly thing
 10856 | IceCv    | Killed a white ugly thing
 10858 | IceCv    | HP: 4/101 [ice statue/freezing cloud (2)]
 10859 | IceCv    | HP: 1/101 [ice statue] (3)]
 11067 | Lair:1   | Found a dark tunnel.
 11074 | Volcano  | Entered a volcano
 11088 | Volcano  | Reached ** piety under Nemelex Xobeh
 11588 | Volcano  | Noticed a two-headed ogre
 11589 | Volcano  | Noticed a two-headed ogre
 11589 | Volcano  | Noticed a two-headed ogre
 11589 | Volcano  | Noticed a red draconian
 11597 | Volcano  | Killed a two-headed ogre
 11598 | Volcano  | Reached skill level 11 in Fighting
 11598 | Volcano  | Reached XP level 12. HP: 86/110 MP: 15/17
 11603 | Volcano  | Killed a two-headed ogre
 11604 | Volcano  | Reached skill level 10 in Armour
 11604 | Volcano  | Reached skill level 10 in Shields
 11609 | Volcano  | Killed a two-headed ogre
 11610 | Volcano  | Found a burning altar of Makhleb.
 11623 | Volcano  | Killed from afar by a red draconian

Skill      XL: |  1  2  3  4  5  6  7  8  9 10 11 12 |
---------------+-------------------------------------+-----
Fighting       | 2 3 4 5 6 8 9 11 | 11.2
Armour         | 1 2 3 4 5 7 8 9 10 | 10.1
Shields        | 2 3 4 5 7 8 9 10 | 10.1
Invocations    | 3 6 7 |  7.1
Short Blades   | | 11.2
Long Blades    | | 11.2
Axes           | | 11.2
Maces & Flails | | 11.2
Polearms       | | 11.2
Staves         | | 11.2
Dodging        | |  2.4
Stealth        | |  2.6
Unarmed Combat | | 11.2

Action                   |  1- 3 |  4- 6 |  7- 9 | 10-12 || total
-------------------------+-------+-------+-------+-------++-------
Melee: Whip              |   204 |   325 |       |       ||   529
       Punch             |       |     6 |     1 |       ||     7
       Trident           |       |    18 |    68 |       ||    86
       War axe           |       |       |   147 |       ||   147
       Rapier            |       |       |   166 |   652 ||   818
 Abil: Evoke Berserk Rag |       |       |     1 |       ||     1
Evoke: Wand              |       |       |     1 |     7 ||     8
  Use: Potion            |       |     2 |     3 |     2 ||     7
       Scroll            |       |     2 |     6 |     6 ||    14
  Eat: Chunk             |     6 |    15 |    16 |    21 ||    58
       Ration            |       |       |     2 |     2 ||     4
Armor: Scale mail        |   119 |   156 |   269 |    27 ||   571
       Skin              |       |       |     4 |       ||     4
       Plate armour      |       |       |       |   313 ||   313
Dodge: Dodged            |   120 |   177 |   154 |    65 ||   516
Block: Medium shield     |       |       |   234 |   382 ||   616
